 Dungeon Crawl Stone Soup version 0.21.0-24-g2553a3340b (webtiles) character file.

89 Esekla the Slasher (level 4, 0/26 HPs)
             Began as a Tengu Warper on Jan 21, 2018.
             Was an Initiate of Ashenzari.
             Slain by a gnoll (3 damage)
             ... on level 2 of the Dungeon.
             The game lasted 00:11:58 (2061 turns).

Esekla the Slasher (Tengu Warper)                   Turns: 2061, Time: 00:11:59

Health: 0/26       AC:  3    Str: 11    XL:     4   Next: 55%
Magic:  8/8        EV: 12    Int: 14    God:    Ashenzari [......]
Gold:   42         SH:  0    Dex: 14    Spells: 3/7 levels left

rFire    . . .     SeeInvis .   a - +0 falchion
rCold    . . .     Gourm    .   (no shield)
rNeg     . . .     Faith    .   b - +0 leather armour
rPois    .         Spirit   .   (helmet restricted)
rElec    .         Reflect  .   (no cloak)
rCorr    .         Harm     .   (no gloves)
MR       .....                  (boots unavailable)
Stlth    +.........             (no amulet)
HPRegen  0.08/turn              (no ring)
MPRegen  0.11/turn              (no ring)

@: no status effects
A: beak, talons 3
a: Curse Item, Renounce Religion


You were on level 2 of the Dungeon.
You worshipped Ashenzari.
Ashenzari was noncommittal.
You were not hungry.

You visited 1 branch of the dungeon, and saw 3 of its levels.

You collected 42 gold pieces.

Inventory:

Hand Weapons
 a - a +0 falchion (weapon)
Missiles
 e - 5 tomahawks of dispersal
 g - 36 stones (quivered)
Armour
 b - a +0 leather armour (worn)
Scrolls
 d - a scroll of blinking
 j - a scroll of teleportation {unknown}
 k - a scroll of magic mapping {unknown}
 m - 3 scrolls of identify {unknown}
 n - a scroll of amnesia {unknown}
 o - a scroll of enchant weapon {unknown}
 p - a scroll of remove curse
 q - 2 scrolls of enchant armour {unknown}
 r - a scroll of random uselessness {unknown}
Potions
 h - 2 potions of agility {unknown}
 i - a potion of cancellation {unknown}
 l - a potion of heal wounds {unknown}
Books
 c - a book of Spatial Translocations

   Spells                             Type                      Level
   a - Blink                          Translocation                2
   b - Shroud of Golubria             Charms/Translocation         2
   c - Lesser Beckoning               Translocation                3
   d - Gell's Gravitas                Translocation                3
   e - Teleport Other                 Translocation                3
   f - Passage of Golubria            Translocation                4
Comestibles
 f - 4 rations


   Skills:
 - Level 2.0 Fighting
 * Level 4.2 Long Blades
 - Level 1.0 Throwing
 + Level 1.9 Armour
 + Level 2.6 Dodging
 - Level 2.2 Spellcasting
 - Level 2.4 Translocations


You had 3 spell levels left.
You knew the following spells:

 Your Spells              Type           Power        Failure   Level  Hunger
a - Shroud of Golubria    Chrm/Tloc      #.........   28%         2    ###....
b - Blink                 Tloc           N/A          17%         2    ###....


Dungeon Overview and Level Annotations

Branches:
Dungeon (3/15)

Altars:
Ashenzari
Nemelex Xobeh
Ru

Annotations:
D:2 2 transporters


Innate Abilities, Weirdness & Mutations

You have a beak for a mouth.
You have claws for feet.


Message History

Press: ? - help, Shift-Dir - straight line, f - gnoll
Aim: a gnoll, wielding a whip You throw a stone.
The stone barely misses the gnoll.
You completely miss the gnoll. You peck the gnoll.
The gnoll is moderately wounded.
The gnoll hits you with a whip. The gnoll barely misses you.
You hit the gnoll but do no damage. You peck the gnoll.
The gnoll is heavily wounded.
The gnoll hits you. The gnoll hits you with a whip.
The gnoll barely misses you.
You riposte.
You barely miss the gnoll. The gnoll completely misses you.
The gnoll closely misses you.
You climb upwards.
Level annotation: 2 transporters
There is a stone staircase leading down here.
You hit the gnoll.
The gnoll is heavily wounded.
The gnoll hits you!
* * * LOW HITPOINT WARNING * * *
The gnoll hits you.
You die...

############
###############...<......# #####
#...............########.# #....
##....#####.###### #.# #.###
....©.....#.#### #.# #.#
#########......# #.# #.#
#8.....8##...#.# #.# #.#
....$....#...#.##########.###.#
..#.©.#..#.....g@g............###
.#.....#.#..##.g#########.##.....
........©#..##..# ####.##.###.
.#.....#.#.###..# #.......# #.
..#...#.5#.###..# #.##....###.
(.[?$:[Zo#......# #.#####.....
#8$$_.$8##.####.# ##.#######...
#########..# #.#####...........#
....©......# #........#######...


You could see 3 gnolls.

Vanquished Creatures
  A bullfrog skeleton (D:3)
  A worm (D:3)
  2 dart slugs (D:1)
  A leopard gecko (D:1)
  3 orcs (D:3)
  4 bats
  2 giant cockroaches
  6 hobgoblins
  7 jackals
  7 kobolds
  A quokka (D:2)
  3 frilled lizards
  4 goblins
  6 rats
48 creatures vanquished.

Notes
Turn   | Place    | Note
-------+----------+-------------------------------------------
     0 | D:1      | Esekla the Tengu Warper began the quest for the Orb.
     0 | D:1      | Reached XP level 1. HP: 12/12 MP: 4/4
   142 | D:1      | Reached XP level 2. HP: 12/17 MP: 6/6
   594 | D:1      | Reached skill level 3 in Long Blades
   617 | D:1      | Reached XP level 3. HP: 21/21 MP: 7/7
  1174 | D:2      | Learned a level 2 spell: Shroud of Golubria
  1177 | D:2      | Learned a level 2 spell: Blink
  1439 | D:2      | Found a transporter.
  1453 | D:2      | Found a transporter.
  1486 | D:2      | Found a sparkling altar of Nemelex Xobeh.
  1882 | D:3      | Reached skill level 4 in Long Blades
  1882 | D:3      | Reached XP level 4. HP: 21/26 MP: 8/8
  1953 | D:3      | Found a shattered altar of Ashenzari.
  1960 | D:3      | Became a worshipper of Ashenzari the Shackled
  2024 | D:3      | Found a sacrificial altar of Ru.
  2061 | D:2      | Slain by a gnoll

Skill      XL: |  1  2  3 |
---------------+----------+-----
Long Blades    | 3 4 |  4.2
Fighting       | |  2.0
Throwing       | |  1.0
Armour         | |  1.9
Dodging        | |  2.6
Spellcasting   | |  2.2
Translocations | |  2.4

Action                   |  1- 3 |  4- 6 || total
-------------------------+-------+-------++-------
Melee: Falchion          |    74 |    29 ||   103
       Kick              |    18 |     6 ||    24
       Peck              |     9 |     5 ||    14
Throw: Stone             |     6 |     7 ||    13
  Use: Scroll            |     3 |       ||     3
 Stab: Sleeping          |     3 |       ||     3
  Eat: Ration            |     1 |       ||     1
Armor: Leather armour    |    19 |     5 ||    24
Dodge: Dodged            |    36 |    15 ||    51
       Rpst.: Falchion   |    10 |     6 ||    16
